cohdb
Replays
Latest Replays
All Replays
Popular Replays
Top Player Replays
Match Explorer
How It Works
Community
CoH3 Stats
Reddit
Sign in to upload your games and track your stats! →
Sign in with Steam
Match 42047645
Unlisted
Match 42047645
Overview
Messages
Build Orders
End
Kradschützen Motorcycle Team
Panzerpioneer Squad
Panzerpioneer Squad
Construct Light Support Kompanie
Panzerpioneer Squad
Fire Support Elements
MG34 Team
Selects Armored Support Battlegroup
Selects Salvage Kits
Selects Veteran Gunners
Flakvierling Half-track
Assault Mechanized Group
Pak 38 Anti-tank Gun Team
Construct Panzerarmee Kommand
Vehicle Survival Package
Tungsten Core Ammunition
Pak 38 Anti-tank Gun Team
Panzer III L Medium Tank
Panzer III L Medium Tank
Emergency Repair Kits
Selects Panzer Storm
Selects Stuka Dive Bomb
Stuka Dive Bomb
Panzer III L Medium Tank
Assault Mechanized Group
Stuka Dive Bomb
Panzer III L Medium Tank
Stuka Dive Bomb
Stuka Dive Bomb
Panzer III L Medium Tank
Panzer III L Medium Tank
Stuka Dive Bomb
Panzer III L Medium Tank
Panzer III L Medium Tank
Starfucker
PKKA
Moltke1871
L1mbo
NewPeopleArmy
HelloFriends :D
Prorenzo
Belfegor ๏̯͡๏
0
0
Comments
sign in to comment!
No comments posted yet!